 Dungeon Crawl Stone Soup version 0.31.0-11-ge490571c62 (webtiles) character file.

Game seed: 14407994226886670908

22 Killerpretzel the Changeling (level 2, -2/18 HPs)
             Began as an Octopode Shapeshifter on Feb 7, 2024.
             Slain by a hobgoblin (4 damage)
             ... on level 1 of the Dungeon.
             The game lasted 00:00:32 (151 turns).

Killerpretzel the Changeling (Octopode Shapeshifter) Turns: 151, Time: 00:00:33

Health: -2/18      AC:  1    Str: 13    XL:     2   Next: 91%
Magic:  2/2        EV: 13    Int: 12    God:
Gold:   12         SH:  0    Dex: 11    Spells: 1/1 levels left

rFire   . .          .
                       - Unarmed
rCold   . . .        (no shield)
rNeg    . . .        (helmet currently unavailable)
rPois   .            (no amulet)
rElec   .            (no ring)
rCorr   .            (no ring)
SInv    .            (no ring)
Will    .....        (no ring)
Stlth   ++           (no ring)
HPRegen 0.23/turn    (no ring)
MPRegen 0.08/turn    (no ring)
                     (no ring)

%: no passive effects
@: beast-form
A: beast (slay +1), almost no armour, amphibious, 8 rings, camouflage 1,
gelatinous body 1, (nimble swimmer 1), tentacles
a: Begin Untransformation


You were on level 1 of the Dungeon.
You were a hulking beast.
You visited 1 branch of the dungeon, and saw 1 of its levels.

You collected 12 gold pieces.

Inventory:

Talismans
 b - a beast talisman
 c - a flux talisman
Potions
 a - a potion of lignification


   Skills:
 + Level 1.4 Fighting
 + Level 2.2 Dodging
 + Level 3.2 Unarmed Combat
 * Level 3.3 Shapeshifting


You had one spell level left.
You didn't know any spells.
Your spell library contained the following spells:

 Spells                   Type           Power      Damage    Failure   Level
 Apportation              Tloc           0%         N/A       32%         1
 Necrotise                Necr           0%         1d4       32%         1
 Sting                    Conj/Alch      0%         1d3       32%         1
 Summon Small Mammal      Summ           0%         N/A       32%         1


Dungeon Overview and Level Annotations

Branches:
Dungeon (1/15)

Altars:


Innate Abilities, Weirdness & Mutations

You are a hulking beast.
Your limbs bulge with bestial killing power. (Slay +1)
You cannot wear most types of armour.
You are amphibious.
You can wear up to eight rings at the same time.
Your skin changes colour to match your surroundings (Stealth+).
Your rubbery body absorbs attacks. (AC +1, EV +1)
((You are camouflaged when in or above water. (Stealth+)))
You have tentacles for arms and can constrict up to eight enemies at once.


Message History

You tentacle-slap the gnoll. Your grab misses the gnoll.
The gnoll is heavily wounded.
The gnoll misses you. The ball python barely misses you.
The ball python grabs you. The ball python constricts you.
There are monsters nearby!
You closely miss the ball python. You grab the ball python.
You squeeze the ball python, but do no damage.
You constrict the ball python. The gnoll closely misses you.
The ball python bites you. The ball python constricts you.
There are monsters nearby!
You are too injured to fight recklessly!
There are monsters nearby!
You escape the ball python's grasp.
You release your grip on the ball python.
You are too injured to fight recklessly!
There are monsters nearby!
You tentacle-slap the gnoll. Your grab misses the gnoll.
You tentacle-slap the gnoll.
You kill the gnoll!
You tentacle-slap the ball python but do no damage.
Your grab misses the ball python. You squeeze the ball python.
You kill the ball python!
The hobgoblin hits you.
Things that are here:
a +0 whip; a ball python corpse You barely miss the hobgoblin.
You grab the hobgoblin. You constrict the hobgoblin. The hobgoblin hits you.
* * * LOW HITPOINT WARNING * * *
The hobgoblin closely misses you.
You tentacle-slap the hobgoblin.
The hobgoblin is moderately wounded.
You constrict the hobgoblin. The hobgoblin hits you.
* * * LOW HITPOINT WARNING * * *
The hobgoblin misses you.
You tentacle-slap the hobgoblin.
You kill the hobgoblin!
The hobgoblin barely misses you.
You barely miss the hobgoblin. Your grab misses the hobgoblin.
The hobgoblin hits you.
You die...

....# ## ...#######
... .......... .#
#......... ##
##......... #######
#####..........
.......
...............
###### #.##.g.# #####
##...h###
....########...#.#
###..............#
†.......##.......#
†...............##
................#####
..#...######........#
.........###....##..#
.#######............#


You could see a hobgoblin.

Vanquished Creatures
  A gnoll (D:1)
  2 ball pythons (D:1)
  2 hobgoblins (D:1)
  3 jackals (D:1)
  A quokka (D:1)
  A frilled lizard (D:1)
  A kobold (D:1)
11 creatures vanquished.

Notes
Turn   | Place    | Note
-------+----------+-------------------------------------------
     0 | D:1      | Killerpretzel the Octopode Shapeshifter began the quest for
                  | the Orb.
     0 | D:1      | Reached XP level 1. HP: 13/13 MP: 1/1
    78 | D:1      | Reached XP level 2. HP: 16/18 MP: 2/2
   151 | D:1      | Slain by a hobgoblin

Illustrated notes

Levels and vault maps discovered:
D:1:      minmay_arrival_stone_box, layout_rooms

Action                     || total
---------------------------++-------
  Melee: Unarmed           ||    25
         Constrict         ||     5
         Tentacles         ||     2
         Punch             ||     1
 Armour: Skin              ||     9
  Dodge: Dodged            ||    21
